 Dungeon Crawl Stone Soup version 0.29.1-2-gbd0b4ee654 (webtiles) character file.

Game seed: 15074811861213162199

205 kingsuperguy the Chopper (level 5, -2/37 (47) HPs)
             Began as a Hill Orc Monk on Nov 18, 2022.
             Was a Believer of Beogh.
             Killed from afar by an orc wizard (10 damage)
             ... with a puff of flame
             ... on level 5 of the Dungeon.
             The game lasted 00:08:47 (4107 turns).

kingsuperguy the Chopper (Hill Orc Monk)            Turns: 4107, Time: 00:08:48

HP:   -2/37 (47)    AC:  8    Str: 16    XL:     5   Next: 83%
MP:   5/5           EV: 11    Int: 10    God:    Beogh [**....]
Gold: 172           SH:  0    Dex: 13    Spells: 4/4 levels left

rFire   . . .      SeeInvis .   a - +0 hand axe
rCold   . . .      Faith    .   (no shield)
rNeg    . . .      Spirit   .   l - +0 ring mail
rPois   .          Reflect  .   (no helmet)
rElec   .          Harm     .   (no cloak)
rCorr   .          Rampage  .   u - +2 pair of gloves
Will    .....                   (no boots)
Stlth   +.........              (no amulet)
HPRegen 0.12/turn               (no ring)
MPRegen 0.09/turn               (no ring)

@: studying Fighting, heavily drained
A: no striking features
a: Renounce Religion, Smiting


You were on level 5 of the Dungeon.
You worshipped Beogh.
Beogh was pleased with you.
You visited 1 branch of the dungeon, and saw 6 of its levels.

You collected 172 gold pieces.

Inventory:

Hand Weapons
 a - a +0 hand axe (weapon)
Missiles
 p - 6 atropa-tipped darts (quivered)
Armour
 b - a +0 robe
 l - a +0 ring mail (worn)
 u - a +2 pair of gloves (worn)
Jewellery
 d - an amulet of the acrobat
 r - a ring of protection from cold
 t - a ring of see invisible
Scrolls
 c - a scroll of vulnerability {unknown}
 e - a scroll of noise {unknown}
 g - a scroll of teleportation
 m - a scroll of magic mapping {unknown}
 n - a scroll of brand weapon {unknown}
 q - a scroll of blinking {unknown}
 s - a scroll of fear {unknown}
Potions
 f - 3 potions of attraction
 i - a potion of might {unknown}
 o - a potion of mutation {unknown}


   Skills:
 * Level 4.7 Fighting
 + Level 6.1 Axes
 + Level 2.4 Armour
 + Level 3.0 Dodging
 - Level 2.0 Stealth


You had 4 spell levels left.
You didn't know any spells.
Your spell library contained the following spells:

 Spells                   Type           Power      Damage    Failure   Level
 Apportation              Tloc           0%         N/A       56%         1
 Necrotise                Necr           0%         1d4       56%         1
 Summon Small Mammal      Summ           0%         N/A       56%         1


Dungeon Overview and Level Annotations

Branches:
Dungeon (6/15)
 Temple: D:4-7

Altars:
Dithmenos

Shops:
D:4 (   D:5 =

Portals:
Abyss: D:3

Annotations:
D:3 2 transporters, KittyFluff's ghost, amateur GrBe


Message History

The orc hits you but does no damage.
You hit the orc wizard.
The orc wizard is moderately wounded.
You barely miss something. You hit the orc but do no damage.
The orc wizard hits you with a +1 dagger of draining.
You feel drained. Something hits you. The orc closely misses you.
You bump into the rock wall.
The orc wizard closely misses you.
The orc hits you with a +2 short sword of protection.
Something hits you.
You bump into the rock wall.
The orc wizard hits you but does no damage.
You feel drained. Something hits you.
* * * LOW HITPOINT WARNING * * *
The orc hits you but does no damage.
You are too confused!
The orc attacks as you move away! The orc closely misses you.
The orc wizard attacks as you move away!
The orc wizard hits you with a +1 dagger of draining.
* * * LOW HITPOINT WARNING * * *
You feel drained.
Okay, then.
You hit the orc wizard.
The orc wizard is severely wounded.
You feel less confused.
The orc wizard mumbles some strange words.
The orc wizard flickers and vanishes!
You hear some strange, mumbled words.
A puff of flame appears from out of thin air!
The puff of flame misses you.
Items here: ( )) †.
A magic dart appears from out of thin air!
The magic dart hits you.
* * * LOW HITPOINT WARNING * * *
Something hits you but does no damage.
An orc comes into view. It is wielding a +0 mace.
You hear some strange, mumbled words.
A puff of flame appears from out of thin air!
The puff of flame hits you!
You die...
Beogh appreciates something's killing of a heretic priest.

#...o>.......
#####.#.#####
####...#
#..)...#
#.))...#
#.o....#
#..{...#
#..{...#
#...@..#
#####..#
..'.. ..##o..
..# .. ### .


You could see 2 orcs.

Vanquished Creatures
  An orc priest (D:6)
  Natasha (D:5)
  5 adders
  An ufetubus (D:6)
  3 worms
  2 dart slugs (D:1)
  11 orcs
  6 bats
  8 endoplasms
  4 giant cockroaches
  6 goblins
  6 hobgoblins
  7 kobolds
  2 quokkas
  6 ball pythons
  3 frilled lizards
  2 rats
74 creatures vanquished.

Notes
Turn   | Place    | Note
-------+----------+-------------------------------------------
     0 | D:1      | kingsuperguy the Hill Orc Monk began the quest for the Orb.
     0 | D:1      | Reached XP level 1. HP: 19/19 MP: 1/1
   353 | D:1      | Reached XP level 2. HP: 24/27 MP: 2/2
   446 | D:1      | Found a faded altar of an unknown god.
  1032 | D:1      | Reached XP level 3. HP: 33/33 MP: 3/3
  1492 | D:2      | Reached skill level 5 in Axes
  1628 | D:2      | Reached XP level 4. HP: 29/40 MP: 4/4
  1931 | D:3      | Found a shadowy altar of Dithmenos.
  2284 | D:3      | Found a one-way gate to the infinite horrors of the Abyss.
  2284 | D:3      | Noticed KittyFluff's ghost (amateur GrBe)
  2300 | D:3      | Found a transporter.
  2460 | D:3      | Found a transporter.
  2462 | D:3      | Noticed an ancient zyme
  2607 | D:3      | Reached skill level 1 in Armour
  2683 | D:3      | Became a worshipper of Beogh the Brigand
  2683 | D:3      | Reached * piety under Beogh
  2683 | D:3      | Reached ** piety under Beogh
  3052 | D:4      | Found Hucyemm's Antique Weapon Shop.
  3081 | D:4      | Noticed Natasha
  3463 | D:5      | Entered Level 5 of the Dungeon
  3476 | D:5      | Killed Natasha
  3477 | D:5      | Reached XP level 5. HP: 23/47 MP: 1/5
  3642 | D:5      | Found Duan's Jewellery Emporium.
  3897 | D:6      | Reached skill level 6 in Axes
  4107 | D:5      | Killed from afar by an orc wizard

Illustrated notes

Levels and vault maps discovered:
D:1:      heliophobic_arrival_enchanted_forest, layout_basic,
          hellmonk_ecumenical_altar_blasted, minmay_misc_feat_five
D:2:      layout_rooms
D:3:      layout_loops_ring, overflow_temple_1_default,
          gammafunk_ghost_abyssal_escape, nrook_mini_vaults
D:4:      layout_loops_corners, serial_shops, nicolae_shop_advertising_works
          [nicolae_subvault_shop_adworks], due_unseen_surprise,
          uniq_blork_the_orc, uniq_natasha, uniq_menkaure
D:5:      layout_basic, serial_shops, nicolae_inconvenience_store,
          serial_curves, eino_curves_01, eino_curves_01, eino_curves_03
D:6:      layout_basic, minmay_hollow_rounded_squares, uniq_pikel

Skill      XL: |  1  2  3  4  5 |
---------------+----------------+-----
Fighting       | 4 |  4.7
Axes           | 5 6 |  6.1
Stealth        | 2 |  2.0
Armour         | 1 2 |  2.4
Dodging        | 3 |  3.0

Action                   |  1- 3 |  4- 6 || total
-------------------------+-------+-------++-------
Melee: Hand axe          |   113 |   192 ||   305
       Punch             |     2 |     1 ||     3
Invok: Smiting           |       |     1 ||     1
       Convert to Beogh  |       |     1 ||     1
  Use: Potion            |     2 |     3 ||     5
       Scroll            |       |     5 ||     5
 Stab: Sleeping          |     3 |     1 ||     4
Armor: Robe              |    13 |       ||    13
       Ring mail         |    20 |   101 ||   121
Dodge: Dodged            |    81 |   150 ||   231
